 Dungeon Crawl Stone Soup version 0.22-a0-407-gb098539 (webtiles) character file.

50 galech the Changer (level 3, 0/25 HPs)
             Began as a Gnoll Wanderer on May 9, 2018.
             Slain by a gnoll
             ... wielding a +0 spear
              (3 damage)
             ... on level 3 of the Dungeon.
             The game lasted 00:02:15 (1702 turns).

galech the Changer (Gnoll Wanderer)                 Turns: 1702, Time: 00:02:17

Health: 0/25       AC:  2    Str: 13    XL:     3   Next: 79%
Magic:  7/7        EV: 13    Int: 14    God:
Gold:   165        SH:  0    Dex: 16    Spells: 7/7 levels left

rFire    x . .     SeeInvis .   t - +2 war axe (chop)
rCold    + . .     Gourm    .   (no shield)
rNeg     . . .     Faith    .   d - +0 robe
rPois    .         Spirit   .   (no helmet)
rElec    .         Reflect  .   (no cloak)
rCorr    .         Harm     .   (no gloves)
MR       .....                  (no boots)
Stlth    +++.......             (no amulet)
HPRegen  0.08/turn              l - ring of ice (curse)
MPRegen  0.10/turn              r - ring of stealth

@: no status effects
A: distributed training, fangs 1, strong nose
a: no special abilities


You were on level 3 of the Dungeon.
You were very hungry.

You visited 1 branch of the dungeon, and saw 3 of its levels.

You collected 165 gold pieces.

Inventory:

Hand Weapons
 a - a +2 falchion
 k - a +2 hunting sling of flaming
 t - a +2 war axe of chopping (weapon)
Missiles
 q - 8 needles of confusion
Armour
 d - a +0 robe (worn)
Jewellery
 l - a cursed ring of ice (left hand)
 n - an uncursed ring of positive energy
 r - a ring of stealth (right hand)
Wands
 c - a wand of random effects (15)
Scrolls
 e - a scroll of magic mapping {unknown}
 j - 2 scrolls of immolation {unknown}
 m - 2 scrolls of identify {unknown}
 o - 2 scrolls of teleportation {unknown}
 p - a scroll of random uselessness {unknown}
Potions
 b - 2 potions of lignification
 g - a potion of magic {unknown}
 h - 3 potions of ambrosia {unknown}
 i - 2 potions of heal wounds {unknown}
 s - a potion of berserk rage {unknown}
Comestibles
 f - 2 rations


   Skills:
 + Level 0.9 Fighting
 + Level 0.9 Short Blades
 + Level 4.5 Long Blades
 + Level 0.9 Axes
 + Level 0.9 Maces & Flails
 + Level 0.9 Polearms
 + Level 0.9 Staves
 + Level 0.9 Slings
 + Level 0.9 Bows
 + Level 0.9 Crossbows
 + Level 0.9 Throwing
 + Level 0.9 Armour
 + Level 2.6 Dodging
 + Level 0.9 Stealth
 + Level 0.9 Shields
 + Level 0.9 Unarmed Combat
 + Level 2.8 Spellcasting
 + Level 0.6 Conjurations
 + Level 0.6 Hexes
 + Level 0.6 Charms
 + Level 0.6 Summonings
 + Level 0.6 Necromancy
 + Level 0.6 Translocations
 + Level 7.1 Transmutations
 + Level 0.6 Fire Magic
 + Level 0.6 Ice Magic
 + Level 0.6 Air Magic
 + Level 0.6 Earth Magic
 + Level 0.6 Poison Magic
 + Level 1.0 Invocations
 + Level 4.5 Evocations


You had 7 spell levels left.
You didn't know any spells.

Dungeon Overview and Level Annotations

Branches:
Dungeon (3/15)

Altars:
Ashenzari


Innate Abilities, Weirdness & Mutations

Your experience applies equally to all skills.
You have very sharp teeth.
Your uncanny sense of smell can sniff out nearby items.


Message History

You slash the gnoll!
You kill the gnoll!
You closely miss the gnoll. The gnoll hits you with a flail.
You hit the gnoll.
The gnoll is lightly wounded.
The gnoll closely misses you.
You barely miss the gnoll.
The gnoll is lightly wounded.
The gnoll misses you.
You hit the gnoll but do no damage.
The gnoll is lightly wounded.
The gnoll misses you.
You hit the gnoll but do no damage. Your bite misses the gnoll.
The gnoll is lightly wounded.
The gnoll shouts!
The gnoll hits you with a flail.
The gnoll hits you from afar with a spear!
* * * LOW HITPOINT WARNING * * *
The gnoll hits you from afar with a spear.
You die...

∆ ##+#
##...#
##!:..†##
#.....g@##
........<#
......gs.+
........>#
#.......##
##.....##
##...#
##+#


You could see 2 gnolls and a giant cockroach.

Vanquished Creatures
  A gnoll (D:3)
  An adder (D:2)
  3 giant cockroaches
  3 goblins
  4 hobgoblins
  A ball python (D:1)
  7 bats
  3 frilled lizards
  5 kobolds
  5 rats
33 creatures vanquished.

Notes
Turn   | Place    | Note
-------+----------+-------------------------------------------
     0 | D:1      | galech the Gnoll Wanderer began the quest for the Orb.
     0 | D:1      | galech set off with: a +2 falchion, a potion of lignification, a wand of random effects (15), a +0 robe, a ration
     0 | D:1      | Reached XP level 1. HP: 13/13 MP: 4/4
     1 | D:1      | Noticed an electric eel
   169 | D:1      | Reached XP level 2. HP: 19/19 MP: 5/5
   670 | D:2      | Reached XP level 3. HP: 19/25 MP: 7/7
   879 | D:2      | Found a shattered altar of Ashenzari.
  1436 | D:2      | Reached skill level 1 in Invocations
  1702 | D:3      | Slain by a gnoll

Vault maps used:
D:1:      arrival_aquarium_a
D:2:      nicolae_ashenzari_panopticon

Skill      XL: |  1  2  3 |
---------------+----------+-----
Invocations    | 1 |  1.0
Fighting       | |  0.9
Short Blades   | |  0.9
Long Blades    | |  4.5
Axes           | |  0.9
Maces & Flails | |  0.9
Polearms       | |  0.9
Staves         | |  0.9
Slings         | |  0.9
Bows           | |  0.9
Crossbows      | |  0.9
Throwing       | |  0.9
Armour         | |  0.9
Dodging        | |  2.6
Stealth        | |  0.9
Shields        | |  0.9
Unarmed Combat | |  0.9
Spellcasting   | |  2.8
Conjurations   | |  0.6
Hexes          | |  0.6
Charms         | |  0.6
Summonings     | |  0.6
Necromancy     | |  0.6
Translocations | |  0.6
Transmutations | |  7.1
Fire Magic     | |  0.6
Ice Magic      | |  0.6
Air Magic      | |  0.6
Earth Magic    | |  0.6
Poison Magic   | |  0.6
Evocations     | |  4.5

Action                   || total
-------------------------++-------
Melee: Falchion          ||    61
       Bite              ||     5
       War axe           ||     8
 Stab: Sleeping          ||     4
       Distracted        ||     1
  Eat: Chunk             ||     1
Armor: Robe              ||    15
Dodge: Dodged            ||    46
       Rpst.: Falchion   ||    14

Table legend:
 A = Spawn XP
 B = Non-spawn XP
 C = Spawn XP percentage of total XP
 D = Spawn monster count
 E = Non-spawn monster count
 F = Spawn count percentage of total count
 G = Total turns spent on level
                    A         B        C        D         E        F      G
               +---------+---------+-------+---------+---------+-------+---------
         Total |       0 |      72 |   0.0 |       0 |      33 |   0.0 |  1702
               +---------+---------+-------+---------+---------+-------+---------
           D:1 |       0 |      22 |   0.0 |       0 |      17 |   0.0 |   628
           D:2 |       0 |      35 |   0.0 |       0 |      15 |   0.0 |  1066
           D:3 |       0 |      15 |   0.0 |       0 |       1 |   0.0 |     8
               +---------+---------+-------+---------+---------+-------+---------
